 Dungeon Crawl Stone Soup version 0.30-a0-702-gdf48620a09 (webtiles) character file.

Game seed: 15195398953004200462

287 Darius099 the Covered (level 6, -3/39 HPs)
             Began as a Gargoyle Fighter on Jan 21, 2023.
             Slain by Crazy Yiuf
             ... wielding a +2 quarterstaff of chaos
              (15 damage)
             ... on level 2 of the Dungeon.
             The game lasted 00:03:54 (1652 turns).

Darius099 the Covered (Gargoyle Fighter)            Turns: 1652, Time: 00:03:54

Health: -3/39      AC: 14    Str: 19    XL:     6   Next: 30%
Magic:  6/6        EV:  7    Int:  9    God:
Gold:   106        SH:  5    Dex: 11    Spells: 5/5 levels left

rFire   . . .      SeeInvis .    a - +0 flail
rCold   . . .      Faith    .    c - +0 buckler
rNeg    + . .      Spirit   .    h - +0 chain mail
rPois   ∞          Reflect  .    (no helmet)
rElec   +          Harm     .    (no cloak)
rCorr   .          Rampage  .    (no gloves)
Will    +....                    (no boots) Stlth
                                 (no amulet)
HPRegen 0.26/turn                d - ring of willpower
MPRegen 0.10/turn                (no ring)

@: no status effects
A: sickness immunity, AC +4, negative energy resistance 1, electricity
resistance, torment resistance 1, petrification resistance
a: no special abilities


You were on level 2 of the Dungeon.
You visited 1 branch of the dungeon, and saw 3 of its levels.

You collected 106 gold pieces.

Inventory:

Hand Weapons
 a - a +0 flail (weapon)
Armour
 c - a +0 buckler (worn)
 h - a +0 chain mail (worn)
Jewellery
 d - a ring of willpower (left hand)
Scrolls
 b - a scroll of summoning {unknown}
 e - 3 scrolls of identify {unknown}
Potions
 f - 2 potions of curing {unknown}
 g - a potion of cancellation {unknown}
 i - a potion of lignification {unknown}


   Skills:
 + Level 4.7 Fighting
 + Level 3.5 Maces & Flails
 + Level 4.7 Armour
 + Level 4.6 Shields


You had 5 spell levels left.
You didn't know any spells.
Your spell library contained the following spells:

 Spells                   Type           Power      Damage    Failure   Level
 Summon Small Mammal      Summ           0%         N/A       99%         1
 Call Canine Familiar     Summ           0%         N/A       100%        3
 Summon Guardian Golem    Hex/Summ       0%         N/A       100%        3


Dungeon Overview and Level Annotations

Branches:
Dungeon (3/15)

Altars:

Annotations:
D:2 Crazy Yiuf


Innate Abilities, Weirdness & Mutations

You are immune to sickness and miasma.
Your stone body is resilient. (AC +4)
You are immune to poison.
You resist negative energy. (rN+)
You are resistant to electric shocks. (rElec)
You are resistant to unholy torment.
You are immune to petrification.


Message History

Unknown command.
No reachable target in view!
Unknown command.
No reachable target in view!
As you open the door, it creaks loudly!
Unknown command.
You hit Crazy Yiuf but do no damage.
Crazy Yiuf drinks a potion.
Crazy Yiuf goes berserk!
Unknown command.
You closely miss Crazy Yiuf. Crazy Yiuf barely misses you.
Crazy Yiuf hits you but does no damage.
Unknown command.
You hit Crazy Yiuf.
Crazy Yiuf is lightly wounded.
You block Crazy Yiuf's attack. Crazy Yiuf hits you but does no damage.
Unknown command.
Crazy Yiuf is nearby!
Unknown command.
You barely miss Crazy Yiuf.
Crazy Yiuf is lightly wounded.
Crazy Yiuf hits you with a +2 quarterstaff of chaos.
Crazy Yiuf closely misses you.
Crazy Yiuf is nearby!
Unknown command.
Crazy Yiuf is nearby!
Unknown command.
Crazy Yiuf is nearby!
Unknown command.
You hit Crazy Yiuf but do no damage.
Crazy Yiuf is lightly wounded.
Crazy Yiuf hits you with a +2 quarterstaff of chaos!
Crazy Yiuf freezes you.
Crazy Yiuf hits you with a +2 quarterstaff of chaos!
You are too injured to fight recklessly!
You are too injured to fight recklessly!
You are too injured to fight recklessly!
You closely miss Crazy Yiuf.
Crazy Yiuf is lightly wounded.
Crazy Yiuf hits you with a +2 quarterstaff of chaos!
You die...

......##.##...###
########.###### #
#.# ########.#
##### .......#.#
#..)# ...<...#.###
#...# ...>.......#
... .......#####
#g# .).....# ##@#
.......# #.##
......## ##.#
..###..# #.##
..###..# ##.##
.......# #...##
...###.# #....#
##.#...# #....#
#....#########..##


You could see Crazy Yiuf (berserk).

Vanquished Creatures
  Sigmund (D:2)
  Jessica (D:2)
  Terence (D:2)
  A gnoll (D:1)
  2 worms (D:2)
  A dart slug (D:2)
  3 orcs
  5 bats
  4 endoplasms
  2 giant cockroaches (D:1)
  2 hobgoblins (D:1)
  2 jackals (D:1)
  9 kobolds (D:1)
  2 quokkas (D:1)
  A ball python (D:1)
  4 frilled lizards
  6 goblins
  2 rats (D:1)
49 creatures vanquished.

Notes
Turn   | Place    | Note
-------+----------+-------------------------------------------
     0 | D:1      | Darius099 the Gargoyle Fighter began the quest for the Orb.
     0 | D:1      | Reached XP level 1. HP: 14/14 MP: 1/1
    76 | D:1      | Reached XP level 2. HP: 18/19 MP: 2/2
    77 | D:1      | Upgraded the game from 0.30-a0-696-g2367cd04db to
                  | 0.30-a0-702-gdf48620a09
   285 | D:1      | Reached XP level 3. HP: 4/24 MP: 3/3
   875 | D:2      | You fall into a shaft and drop 1 floor!
   914 | D:2      | Reached XP level 4. HP: 6/29 MP: 4/4
  1059 | D:2      | Noticed Jessica
  1068 | D:2      | Killed Jessica
  1153 | D:2      | Noticed Sigmund
  1185 | D:2      | Killed Sigmund
  1186 | D:2      | Reached XP level 5. HP: 23/34 MP: 5/5
  1186 | D:2      | Reached XP level 6. HP: 26/39 MP: 6/6
  1297 | D:2      | Noticed Terence
  1311 | D:2      | Killed Terence
  1642 | D:2      | Found a runed translucent door.
  1643 | D:2      | Noticed Crazy Yiuf
  1652 | D:2      | Slain by Crazy Yiuf

Illustrated notes

Levels and vault maps discovered:
D:1:      giann_wishing_wells, layout_loops_ring
D:2:      layout_basic, uniq_jessica, uniq_terence, uniq_crazy_yiuf_cottage,
          uniq_sigmund
D:3:      layout_rooms, nicolae_uskayaw_dance_hall, minmay_surrounded

Skill      XL: |  1  2  3  4 |
---------------+-------------+-----
Fighting       | 4 |  4.7
Armour         | 4 |  4.7
Shields        | 4 |  4.6
Maces & Flails | 3 |  3.5

Action                   |  1- 3 |  4- 6 || total
-------------------------+-------+-------++-------
Melee: Flail             |   133 |    59 ||   192
  Use: Potion            |     1 |       ||     1
Armor: Scale mail        |    62 |       ||    62
       Chain mail        |    26 |    28 ||    54
Dodge: Dodged            |    63 |    14 ||    77
Block: Buckler           |    35 |     7 ||    42

Table legend: (Time is in decaauts)
 A = Elapsed time spent in this place.
 B = Non-inter-level travel time spent in this place.
 C = Inter-level travel time spent in this place.
 D = Time resting spent in this place.
 E = Time spent auto-exploring this place.
 F = Levels seen in this place.
 G = Mean time per level.
                   A        B        C        D        E       F      G
               +--------+--------+--------+--------+--------+-----+--------+
         Total |   1710 |   1691 |     19 |    159 |   1053 |   3 |  570.0 |
       Dungeon |   1710 |   1691 |     19 |    159 |   1053 |   3 |  570.0 |
               +--------+--------+--------+--------+--------+-----+--------+

Top non-repeatable levels by time:
     D:1: 892 daAuts
     D:2: 790 daAuts
     D:3: 26 daAuts
